Panthers vs Islanders

Created - 10 février 2021 at 20:17

Goals
1 2 3 T
Panthers 0 1 3 4
Islanders 1 0 0 1
Shots
1 2 3 T
Panthers 12 8 18 38
Islanders 6 9 15 30

1st period

1. Islanders , Elias Pettersson 19 (Neal Pionk 28) at 2:11

Penalties :
Nick Holden (NYI) for Boarding (Minor) at 7:27

2nd period

2. Panthers , Nikita Kucherov 22 (Aleksander Barkov 43) at 6:31

Penalties :
Jeff Petry (FLA) for Roughing (Minor) at 0:25, Nick Holden (NYI) for High sticking (Minor) at 2:45, Jonathan Huberdeau (FLA) for Tripping (Minor) at 11:06, Colton Parayko (FLA) for Hooking (Minor) at 13:12

3rd period

3. Panthers , Samuel Girard 7 (Nikita Kucherov 33, Aleksander Barkov 44) at 3:45
4. Panthers , Jonathan Huberdeau 24 (Aleksander Barkov 45, Samuel Girard 25) at 7:41 (PP)
5. Panthers , Aleksander Barkov 25 (Matthew Tkachuk 20, Jonathan Huberdeau 20) at 17:01 (PP)

Penalties :
Nick Holden (NYI) for Interference (Minor) at 7:05, Jordan Greenway (NYI) for Hooking (Minor) at 15:09

Goalie Stats

Corey Crawford (FLA), 29 saves from 30 shots - (0,967), W, 47-1-3, 60:00 minutes
Igor Shesterkin (NYI), 34 saves from 38 shots - (0,895), L, 0-5-0, 60:00 minutes

Players Stats for Panthers

Player Name              G  A  P  +/- PIM S  H  SB GA TA FO     MP     PP MP  PK MP  
------------------------------------------------------------------------------------
Aleksander Barkov        1  3  4   1  0   4  0  0  0  0  17/25  19:13   3:16   1:10 
Alex Ovechkin            0  0  0   0  0   5  3  0  0  0  0/0    17:59   3:10   0:19 
Andrew Copp              0  0  0   0  0   1  1  0  0  0  0/0     5:26   0:00   0:00 
Charlie McAvoy           0  0  0   0  0   1  3  2  0  0  0/0    16:49   0:00   3:05 
Colton Parayko           0  0  0   2  2   5  1  0  0  0  0/0    19:59   3:12   0:00 
Derek Grant              0  0  0   0  0   0  1  0  0  0  1/3     7:21   0:00   1:55 
Dylan Larkin             0  0  0   0  0   4  0  0  0  0  21/29  17:40   3:10   0:00 
Jean-Gabriel Pageau      0  0  0   0  0   1  0  0  0  0  12/20  16:37   0:00   3:43 
Jeff Petry               0  0  0  -1  2   2  2  2  0  0  0/0    22:24   3:14   2:06 
Jonathan Huberdeau       1  1  2   1  2   1  1  0  0  0  1/2    18:02   3:16   0:00 
Matt Calvert             0  0  0   0  0   1  1  0  0  0  0/0     7:21   0:00   1:55 
Matthew Tkachuk          0  1  1   0  0   3  3  0  0  0  1/1    17:46   3:16   0:00 
Nikita Kucherov          1  1  2   1  0   5  2  0  0  0  0/1    17:57   3:10   0:00 
Oskar Sundqvist          0  0  0   0  0   1  1  0  0  0  1/2    15:46   0:00   2:52 
Pierre-Luc Dubois        0  0  0   0  0   3  0  0  0  0  0/0    12:54   0:00   0:00 
Quinn Hughes             0  0  0  -1  0   0  0  4  0  0  0/0    23:11   3:14   2:52 
Samuel Girard            1  1  2   2  0   1  2  0  0  0  0/0    20:46   3:12   0:46 
Zdeno Chara              0  0  0   0  0   0  2  0  0  0  0/0    16:49   0:00   3:05 

Players Stats for Islanders

Player Name              G  A  P  +/- PIM S  H  SB GA TA FO     MP     PP MP  PK MP  
------------------------------------------------------------------------------------
Andrei Svechnikov        0  0  0   1  0   4  1  1  0  0  0/2    20:00   2:49   0:00 
Anthony Cirelli          0  0  0  -1  0   2  2  0  0  0  13/29  21:16   2:52   1:26 
Anthony DeAngelo         0  0  0   0  0   1  0  0  0  0  0/0    22:01   2:53   2:58 
Ben Chiarot              0  0  0   0  0   0  4  0  0  0  0/0    22:01   2:53   2:58 
Brad Marchand            0  0  0   0  0   0  0  0  0  0  0/0     7:09   0:18   0:00 
Colton Sceviour          0  0  0   0  0   4  0  2  0  0  4/16   17:12   0:29   4:02 
Dennis Cholowski         0  0  0   0  0   0  1  2  0  0  0/0    13:01   0:00   0:00 
Elias Pettersson         1  0  1   0  0   4  1  0  0  0  6/19   23:34   3:05   0:00 
Joe Pavelski             0  0  0   0  0   5  0  0  0  0  4/9    21:30   3:05   0:11 
Jordan Greenway          0  0  0   0  2   2  2  0  0  0  0/0    14:20   0:00   2:14 
Neal Pionk               0  1  1  -1  0   2  2  0  0  0  0/0    24:58   3:04   3:28 
Nick Holden              0  0  0   0  6   0  3  0  0  0  0/0    12:58   0:00   0:00 
Nikita Gusev             0  0  0  -1  0   0  0  0  0  0  0/1    10:43   2:21   1:25 
Richard Panik            0  0  0   0  0   0  1  0  0  0  1/3    13:25   0:00   1:18 
Sam Steel                0  0  0  -1  0   1  0  0  0  0  1/3     4:34   0:00   2:16 
Timo Meier               0  0  0  -1  0   5  2  1  0  0  0/1    19:50   2:52   0:00 
Travis Dermott           0  0  0   0  0   0  0  1  0  0  0/0     4:10   0:00   0:00 
Tyler Myers              0  0  0  -1  0   0  0  1  0  0  0/0    20:48   3:04   3:28 

3 Stars

1 - Aleksander Barkov (FLA)
2 - Samuel Girard (FLA)
3 - Nikita Kucherov (FLA)

Power Play

Panthers - 2 on 4 Attempt(s) - 50,00%
Islanders - 0 on 3 Attempt(s) - 0,00%

Penalty Kill

Panthers - 3 on 3 Attempt(s) - 100,00% - Score 0 goal in Penalty Kill
Islanders - 2 on 4 Attempt(s) - 50,00% - Score 0 goal in Penalty Kill

Team Stat

Panthers - Hits : 23 - Faceoff Wins : 54 - Blocked Shots : 8 - Penalty Minutes : 6
Islanders - Hits : 19 - Faceoff Wins : 29 - Blocked Shots : 8 - Penalty Minutes : 8

Official

Referees : Dan O'Halloran and Francis Charron
Linesman : Ryan Galloway and Jake Davis

Game Notes

Brad Marchand is injured at 1:43 of 2nd period (Left Foot)

Finance

Level 1 -- Attendance: 6000 (100,00%) -- Ticket Income 750 000 $
Level 2 -- Attendance: 4694 (93,88%) -- Ticket Income 398 990 $
Level 3 -- Attendance: 2000 (100,00%) -- Ticket Income 150 000 $
Level 4 -- Attendance: 1795 (100,00%) -- Ticket Income 104 110 $
Luxury Box -- Attendance: 1000 (100,00%) -- Ticket Income 190 000 $
Game was played at the Barclays Center.
Total Attendance: 15489 (98,06%)
Total Ticket Income: 1 593 100 $
Other Income: 780 619 $
Total Income: 2 373 719 $

% Time on Ice - Panthers

Lines # - Real PCT - Wanted PCT - Time Play
Normal Forward
1 - 31% - 33% - 14:47
2 - 30% - 33% - 14:30
3 - 27% - 24% - 12:54
4 - 11% - 10% - 5:26
Normal Defense
1 - 36% - 40% - 17:05
2 - 35% - 40% - 16:48
3 - 29% - 20% - 13:44
4 - 0% - 0% - 0:00
PP Forward
1 - 51% - 50% - 3:16
2 - 49% - 50% - 3:10
PP Defense
1 - 50% - 50% - 3:14
2 - 50% - 50% - 3:12
PK Forward
1 - 68% - 60% - 4:02
2 - 32% - 40% - 1:55
PK Defense
1 - 48% - 60% - 2:52
2 - 52% - 40% - 3:05
PK3 Forward
1 - 0% - 60%
2 - 0% - 40%
PK3 Defense
1 - 0% - 60%
2 - 0% - 40%
44 Forward
1 - 0% - 50%
2 - 0% - 50%
44 Defense
1 - 0% - 60%
2 - 0% - 40%
Last Minute Offensive  - 0:00
Last Minute Defensive  - 0:00
Total
Forward - 60:00
Defense - 60:00

% Time on Ice - Islanders

Lines # - Real PCT - Wanted PCT - Time Play
Normal Forward
1 - 24% - 35% - 11:35
2 - 36% - 35% - 16:58
3 - 25% - 20% - 12:07
4 - 15% - 10% - 6:57
Normal Defense
1 - 30% - 40% - 14:16
2 - 34% - 30% - 16:10
3 - 27% - 20% - 13:01
4 - 9% - 10% - 4:10
PP Forward
1 - 52% - 60% - 3:05
2 - 48% - 40% - 2:52
PP Defense
1 - 52% - 50% - 3:04
2 - 48% - 50% - 2:53
PK Forward
1 - 80% - 60% - 5:08
2 - 20% - 40% - 1:18
PK Defense
1 - 54% - 60% - 3:28
2 - 46% - 40% - 2:58
PK3 Forward
1 - 0% - 60%
2 - 0% - 40%
PK3 Defense
1 - 0% - 60%
2 - 0% - 40%
44 Forward
1 - 0% - 60%
2 - 0% - 40%
44 Defense
1 - 0% - 60%
2 - 0% - 40%
Last Minute Offensive  - 0:00
Last Minute Defensive  - 0:00
Total
Forward - 60:00
Defense - 60:00

Play-by-Play

1st period


0:01 of 1st period - Elias Pettersson wins face-off versus Nikita Kucherov in neutral zone.
0:18 of 1st period - Shot by Andrei Svechnikov.
0:18 of 1st period - Stopped by Corey Crawford without a rebound.
0:19 of 1st period - Anthony Cirelli wins face-off versus Dylan Larkin in Panthers zone.
0:28 of 1st period - Shot by Brad Marchand.
0:28 of 1st period - Deflect By Timo Meier.
0:28 of 1st period - Stopped by Corey Crawford without a rebound.
0:29 of 1st period - Jean-Gabriel Pageau wins face-off versus Colton Sceviour in Panthers zone.
0:29 of 1st period - Jean-Gabriel Pageau is hit by Jordan Greenway.
0:50 of 1st period - Pierre-Luc Dubois is hit by Nick Holden and loses puck.
1:02 of 1st period - Pierre-Luc Dubois is hit by Dennis Cholowski and loses puck.
1:43 of 1st period - Shot by Alex Ovechkin.
1:43 of 1st period - Stopped by Igor Shesterkin with a rebound.
1:45 of 1st period - Shot by Colton Parayko.
1:45 of 1st period - Shot Misses the Net.
2:07 of 1st period - Shot by Anthony Cirelli.
2:07 of 1st period - Stopped by Corey Crawford without a rebound.
2:08 of 1st period - Elias Pettersson wins face-off versus Aleksander Barkov in Panthers zone.
2:11 of 1st period - Shot by Elias Pettersson.
2:11 of 1st period - Goal by Elias Pettersson - Panthers : 0 - Islanders : 1.
2:12 of 1st period - Elias Pettersson wins face-off versus Derek Grant in neutral zone.
2:30 of 1st period - Shot by Matt Calvert.
2:30 of 1st period - Stopped by Igor Shesterkin with a rebound.
4:08 of 1st period - Shot by Colton Sceviour.
4:08 of 1st period - Stopped by Corey Crawford without a rebound.
4:09 of 1st period - Dylan Larkin wins face-off versus Elias Pettersson in Panthers zone.
4:19 of 1st period - Icing by Joe Pavelski.
4:20 of 1st period - Jean-Gabriel Pageau wins face-off versus Elias Pettersson in Islanders zone.
4:28 of 1st period - Neal Pionk is hit by Jeff Petry and loses puck.
4:41 of 1st period - Shot by Elias Pettersson.
4:41 of 1st period - Stopped by Corey Crawford without a rebound.
4:42 of 1st period - Anthony Cirelli wins face-off versus Dylan Larkin in Panthers zone.
4:47 of 1st period - Shot by Brad Marchand.
4:47 of 1st period - Shot Misses the Net.
5:20 of 1st period - Anthony Cirelli is hit by Alex Ovechkin and loses puck.
5:41 of 1st period - Shot by Jean-Gabriel Pageau.
5:41 of 1st period - Stopped by Igor Shesterkin without a rebound.
5:42 of 1st period - Aleksander Barkov wins face-off versus Andrei Svechnikov in Islanders zone.
7:14 of 1st period - Shot by Jean-Gabriel Pageau.
7:14 of 1st period - Shot Blocked by Dennis Cholowski.
7:16 of 1st period - Shot by Jeff Petry.
7:16 of 1st period - Stopped by Igor Shesterkin with a rebound.
7:27 of 1st period - Minor Penalty to Nick Holden for Boarding.
7:28 of 1st period - Dylan Larkin wins face-off versus Sam Steel in Islanders zone.
7:29 of 1st period - Shot by Alex Ovechkin.
7:29 of 1st period - Shot Misses the Net.
7:31 of 1st period - Shot by Samuel Girard.
7:31 of 1st period - Shot Misses the Net.
7:33 of 1st period - Shot by Samuel Girard.
7:33 of 1st period - Deflect By Nikita Kucherov.
7:33 of 1st period - Stopped by Igor Shesterkin with a rebound.
7:48 of 1st period - Off-side.
7:49 of 1st period - Sam Steel wins face-off versus Aleksander Barkov in neutral zone.
8:13 of 1st period - Shot by Quinn Hughes.
8:13 of 1st period - Shot Misses the Net.
8:44 of 1st period - Colton Parayko is hit by Anthony Cirelli and loses puck.
8:55 of 1st period - Shot by Nikita Kucherov.
8:55 of 1st period - Deflect By Dylan Larkin.
8:55 of 1st period - Shot Misses the Net.
8:57 of 1st period - Shot by Colton Parayko.
8:57 of 1st period - Deflect By Alex Ovechkin.
8:57 of 1st period - Shot Misses the Net.
9:33 of 1st period - Shot by Pierre-Luc Dubois.
9:33 of 1st period - Stopped by Igor Shesterkin without a rebound.
9:34 of 1st period - Jean-Gabriel Pageau wins face-off versus Joe Pavelski in Islanders zone.
10:07 of 1st period - Shot by Andrei Svechnikov.
10:07 of 1st period - Shot Misses the Net.
10:38 of 1st period - Derek Grant is hit by Ben Chiarot and loses puck.
11:20 of 1st period - Ben Chiarot is hit by Matthew Tkachuk and loses puck.
12:11 of 1st period - Shot by Zdeno Chara.
12:11 of 1st period - Shot Misses the Net.
12:13 of 1st period - Shot by Aleksander Barkov.
12:13 of 1st period - Shot Blocked by Colton Sceviour.
12:15 of 1st period - Shot by Charlie McAvoy.
12:15 of 1st period - Stopped by Igor Shesterkin with a rebound.
12:25 of 1st period - Shot by Aleksander Barkov.
12:25 of 1st period - Shot Misses the Net.
12:58 of 1st period - Shot by Pierre-Luc Dubois.
12:58 of 1st period - Shot Blocked by Colton Sceviour.
13:00 of 1st period - Shot by Colton Parayko.
13:00 of 1st period - Shot Misses the Net.
13:02 of 1st period - Shot by Colton Parayko.
13:02 of 1st period - Shot Misses the Net.
13:04 of 1st period - Shot by Colton Parayko.
13:04 of 1st period - Stopped by Igor Shesterkin without a rebound.
13:05 of 1st period - Dylan Larkin wins face-off versus Elias Pettersson in Islanders zone.
13:08 of 1st period - Shot by Dylan Larkin.
13:08 of 1st period - The goal is going for a video replay.
13:08 of 1st period - The goal is refused.
13:09 of 1st period - Dylan Larkin wins face-off versus Elias Pettersson in Islanders zone.
13:26 of 1st period - Shot by Andrei Svechnikov.
13:26 of 1st period - Shot Misses the Net.
14:00 of 1st period - Icing by Quinn Hughes.
14:01 of 1st period - Dylan Larkin wins face-off versus Anthony Cirelli in Panthers zone.
14:01 of 1st period - Dylan Larkin is hit by Timo Meier.
14:21 of 1st period - Shot by Nikita Kucherov.
14:21 of 1st period - Stopped by Igor Shesterkin with a rebound.
15:50 of 1st period - Icing by Neal Pionk.
15:51 of 1st period - Dylan Larkin wins face-off versus Elias Pettersson in Islanders zone.
15:58 of 1st period - Shot by Dylan Larkin.
15:58 of 1st period - Shot Blocked by Andrei Svechnikov.
16:00 of 1st period - Shot by Jeff Petry.
16:00 of 1st period - Stopped by Igor Shesterkin with a rebound.
16:02 of 1st period - Shot by Jeff Petry.
16:02 of 1st period - Shot Blocked by Travis Dermott.
16:10 of 1st period - Shot by Matthew Tkachuk.
16:10 of 1st period - Shot Misses the Net.
16:22 of 1st period - Shot by Matthew Tkachuk.
16:22 of 1st period - Stopped by Igor Shesterkin without a rebound.
16:23 of 1st period - Colton Sceviour wins face-off versus Aleksander Barkov in Islanders zone.
16:23 of 1st period - Colton Sceviour is hit by Jonathan Huberdeau.
16:30 of 1st period - Dennis Cholowski is hit by Samuel Girard and loses puck.
16:52 of 1st period - Icing by Nikita Kucherov.
16:53 of 1st period - Aleksander Barkov wins face-off versus Timo Meier in Panthers zone.
16:59 of 1st period - Brad Marchand is hit by Colton Parayko.
17:04 of 1st period - Timo Meier is hit by Samuel Girard and loses puck.
19:03 of 1st period - Elias Pettersson is hit by Matt Calvert and loses puck.
Goals for this period are 0 for Panthers vs 1 for Islanders.
Shots for this period are 12 for Panthers vs 6 for Islanders.

2nd period


0:01 of 2nd period - Dylan Larkin wins face-off versus Joe Pavelski in neutral zone.
0:16 of 2nd period - Shot by Brad Marchand.
0:16 of 2nd period - Shot Blocked by Jeff Petry.
0:25 of 2nd period - Minor Penalty to Jeff Petry for Roughing.
0:26 of 2nd period - Anthony Cirelli wins face-off versus Jean-Gabriel Pageau in Panthers zone.
0:31 of 2nd period - Shot by Anthony Cirelli.
0:31 of 2nd period - Shot Misses the Net.
0:33 of 2nd period - Shot by Timo Meier.
0:33 of 2nd period - Stopped by Corey Crawford without a rebound.
0:34 of 2nd period - Oskar Sundqvist wins face-off versus Anthony Cirelli in Panthers zone.
0:45 of 2nd period - Shot by Timo Meier.
0:45 of 2nd period - Shot Misses the Net.
0:47 of 2nd period - Shot by Ben Chiarot.
0:47 of 2nd period - Shot Misses the Net.
1:42 of 2nd period - Brad Marchand is hit by Charlie McAvoy and loses puck.
1:43 of 2nd period - Brad Marchand from Islanders is injured at 1:43 of 2nd period (Left Foot).
1:44 of 2nd period - Jean-Gabriel Pageau wins face-off versus Elias Pettersson in Panthers zone.
2:11 of 2nd period - Shot by Joe Pavelski.
2:11 of 2nd period - Stopped by Corey Crawford with a rebound.
2:13 of 2nd period - Shot by Tyler Myers.
2:13 of 2nd period - Shot Misses the Net.
2:32 of 2nd period - Off-side.
2:33 of 2nd period - Dylan Larkin wins face-off versus Colton Sceviour in neutral zone.
2:45 of 2nd period - Minor Penalty to Nick Holden for High sticking.
2:46 of 2nd period - Dylan Larkin wins face-off versus Colton Sceviour in Islanders zone.
2:48 of 2nd period - Alex Ovechkin is hit by Ben Chiarot and loses puck.
3:06 of 2nd period - Shot by Samuel Girard.
3:06 of 2nd period - Shot Misses the Net.
3:08 of 2nd period - Shot by Colton Parayko.
3:08 of 2nd period - Stopped by Igor Shesterkin without a rebound.
3:09 of 2nd period - Aleksander Barkov wins face-off versus Colton Sceviour in Islanders zone.
3:21 of 2nd period - Off-side.
3:22 of 2nd period - Dylan Larkin wins face-off versus Colton Sceviour in neutral zone.
3:39 of 2nd period - Shot by Colton Parayko.
3:39 of 2nd period - Stopped by Igor Shesterkin with a rebound.
3:41 of 2nd period - Shot by Alex Ovechkin.
3:41 of 2nd period - Shot Misses the Net.
3:45 of 2nd period - Shot by Alex Ovechkin.
3:45 of 2nd period - Shot Misses the Net.
3:47 of 2nd period - Shot by Colton Parayko.
3:47 of 2nd period - Stopped by Igor Shesterkin without a rebound.
3:48 of 2nd period - Anthony Cirelli wins face-off versus Aleksander Barkov in Islanders zone.
3:48 of 2nd period - Anthony Cirelli is hit by Matthew Tkachuk.
4:55 of 2nd period - Shot by Pierre-Luc Dubois.
4:55 of 2nd period - Stopped by Igor Shesterkin with a rebound.
5:35 of 2nd period - Elias Pettersson is hit by Andrew Copp and loses puck.
6:00 of 2nd period - Shot by Matt Calvert.
6:00 of 2nd period - Shot Misses the Net.
6:02 of 2nd period - Shot by Andrew Copp.
6:02 of 2nd period - Stopped by Igor Shesterkin without a rebound.
6:03 of 2nd period - Dylan Larkin wins face-off versus Anthony Cirelli in Islanders zone.
6:04 of 2nd period - Shot by Quinn Hughes.
6:04 of 2nd period - Shot Misses the Net.
6:14 of 2nd period - Shot by Timo Meier.
6:14 of 2nd period - Stopped by Corey Crawford without a rebound.
6:15 of 2nd period - Jonathan Huberdeau wins face-off versus Richard Panik in Panthers zone.
6:15 of 2nd period - Jonathan Huberdeau is hit by Richard Panik.
6:23 of 2nd period - Shot by Jordan Greenway.
6:23 of 2nd period - Stopped by Corey Crawford without a rebound.
6:24 of 2nd period - Aleksander Barkov wins face-off versus Anthony Cirelli in Panthers zone.
6:31 of 2nd period - Shot by Nikita Kucherov.
6:31 of 2nd period - Goal by Nikita Kucherov - Panthers : 1 - Islanders : 1.
6:32 of 2nd period - Aleksander Barkov wins face-off versus Anthony Cirelli in neutral zone.
6:35 of 2nd period - Shot by Nikita Kucherov.
6:35 of 2nd period - Stopped by Igor Shesterkin without a rebound.
6:36 of 2nd period - Aleksander Barkov wins face-off versus Anthony Cirelli in Islanders zone.
6:46 of 2nd period - Icing by Jeff Petry.
6:47 of 2nd period - Colton Sceviour wins face-off versus Jonathan Huberdeau in Panthers zone.
6:56 of 2nd period - Shot by Colton Sceviour.
6:56 of 2nd period - Stopped by Corey Crawford with a rebound.
6:58 of 2nd period - Shot by Tyler Myers.
6:58 of 2nd period - Shot Misses the Net.
7:00 of 2nd period - Shot by Neal Pionk.
7:00 of 2nd period - Shot Blocked by Quinn Hughes.
7:02 of 2nd period - Shot by Jordan Greenway.
7:02 of 2nd period - Deflect By Richard Panik.
7:02 of 2nd period - Shot Blocked by Quinn Hughes.
7:04 of 2nd period - Shot by Colton Sceviour.
7:04 of 2nd period - Stopped by Corey Crawford without a rebound.
7:05 of 2nd period - Dylan Larkin wins face-off versus Anthony Cirelli in Panthers zone.
7:47 of 2nd period - Shot by Matthew Tkachuk.
7:47 of 2nd period - Stopped by Igor Shesterkin without a rebound.
7:48 of 2nd period - Joe Pavelski wins face-off versus Aleksander Barkov in Islanders zone.
7:48 of 2nd period - Joe Pavelski is hit by Nikita Kucherov.
7:53 of 2nd period - Off-side.
7:54 of 2nd period - Joe Pavelski wins face-off versus Aleksander Barkov in neutral zone.
7:54 of 2nd period - Joe Pavelski is hit by Nikita Kucherov.
8:15 of 2nd period - Andrei Svechnikov is hit by Jeff Petry and loses puck.
9:18 of 2nd period - Dylan Larkin is hit by Jordan Greenway and loses puck.
9:33 of 2nd period - Elias Pettersson is hit by Matthew Tkachuk and loses puck.
9:47 of 2nd period - Icing by Matthew Tkachuk.
9:48 of 2nd period - Dylan Larkin wins face-off versus Elias Pettersson in Panthers zone.
10:26 of 2nd period - Icing by Charlie McAvoy.
10:27 of 2nd period - Anthony Cirelli wins face-off versus Oskar Sundqvist in Panthers zone.
10:27 of 2nd period - Anthony DeAngelo is hit by Zdeno Chara and loses puck.
10:53 of 2nd period - Icing by Ben Chiarot.
10:54 of 2nd period - Aleksander Barkov wins face-off versus Andrei Svechnikov in Islanders zone.
11:06 of 2nd period - Minor Penalty to Jonathan Huberdeau for Tripping.
11:07 of 2nd period - Elias Pettersson wins face-off versus Jean-Gabriel Pageau in Panthers zone.
11:08 of 2nd period - Shot by Neal Pionk.
11:08 of 2nd period - Stopped by Corey Crawford without a rebound.
11:09 of 2nd period - Elias Pettersson wins face-off versus Jean-Gabriel Pageau in Panthers zone.
11:16 of 2nd period - Shot by Joe Pavelski.
11:16 of 2nd period - Shot Misses the Net.
11:46 of 2nd period - Shot by Tyler Myers.
11:46 of 2nd period - Shot Misses the Net.
12:08 of 2nd period - Shot by Anthony DeAngelo.
12:08 of 2nd period - Shot Blocked by Quinn Hughes.
13:12 of 2nd period - Minor Penalty to Colton Parayko for Hooking.
13:13 of 2nd period - Jean-Gabriel Pageau wins face-off versus Anthony Cirelli in Panthers zone.
13:32 of 2nd period - Shot by Andrei Svechnikov.
13:32 of 2nd period - Stopped by Corey Crawford without a rebound.
13:33 of 2nd period - Aleksander Barkov wins face-off versus Elias Pettersson in Panthers zone.
13:44 of 2nd period - Shot by Neal Pionk.
13:44 of 2nd period - Stopped by Corey Crawford without a rebound.
13:45 of 2nd period - Jean-Gabriel Pageau wins face-off versus Elias Pettersson in Panthers zone.
14:12 of 2nd period - Anthony DeAngelo is hit by Oskar Sundqvist and loses puck.
14:28 of 2nd period - Off-side.
14:29 of 2nd period - Anthony Cirelli wins face-off versus Jean-Gabriel Pageau in neutral zone.
14:59 of 2nd period - Shot by Nikita Gusev.
14:59 of 2nd period - Shot Misses the Net.
15:06 of 2nd period - Icing by Anthony Cirelli.
15:07 of 2nd period - Anthony Cirelli wins face-off versus Derek Grant in Islanders zone.
17:57 of 2nd period - Shot by Jordan Greenway.
17:57 of 2nd period - Shot Misses the Net.
17:59 of 2nd period - Shot by Colton Sceviour.
17:59 of 2nd period - Shot Blocked by Charlie McAvoy.
18:44 of 2nd period - Joe Pavelski is hit by Derek Grant and loses puck.
19:28 of 2nd period - Icing by Neal Pionk.
19:29 of 2nd period - Elias Pettersson wins face-off versus Dylan Larkin in Islanders zone.
19:29 of 2nd period - Elias Pettersson is hit by Alex Ovechkin.
19:32 of 2nd period - Andrei Svechnikov is hit by Alex Ovechkin and loses puck.
Goals for this period are 1 for Panthers vs 0 for Islanders.
Shots for this period are 8 for Panthers vs 9 for Islanders.

3rd period


0:01 of 3rd period - Aleksander Barkov wins face-off versus Elias Pettersson in neutral zone.
0:08 of 3rd period - Shot by Nikita Kucherov.
0:08 of 3rd period - Shot Misses the Net.
0:14 of 3rd period - Shot by Joe Pavelski.
0:14 of 3rd period - Shot Blocked by Quinn Hughes.
0:16 of 3rd period - Shot by Joe Pavelski.
0:16 of 3rd period - Deflect By Elias Pettersson.
0:16 of 3rd period - Shot Misses the Net.
0:28 of 3rd period - Shot by Andrei Svechnikov.
0:28 of 3rd period - Stopped by Corey Crawford with a rebound.
0:38 of 3rd period - Shot by Elias Pettersson.
0:38 of 3rd period - Stopped by Corey Crawford without a rebound.
0:39 of 3rd period - Dylan Larkin wins face-off versus Anthony Cirelli in Panthers zone.
0:46 of 3rd period - Shot by Timo Meier.
0:46 of 3rd period - Deflect By Sam Steel.
0:46 of 3rd period - Stopped by Corey Crawford without a rebound.
0:47 of 3rd period - Anthony Cirelli wins face-off versus Dylan Larkin in Panthers zone.
0:52 of 3rd period - Shot by Elias Pettersson.
0:52 of 3rd period - Shot Misses the Net.
0:57 of 3rd period - Off-side.
0:58 of 3rd period - Richard Panik wins face-off versus Jean-Gabriel Pageau in neutral zone.
1:17 of 3rd period - Shot by Pierre-Luc Dubois.
1:17 of 3rd period - Stopped by Igor Shesterkin without a rebound.
1:18 of 3rd period - Aleksander Barkov wins face-off versus Anthony Cirelli in Islanders zone.
1:19 of 3rd period - Shot by Nikita Kucherov.
1:19 of 3rd period - Shot Misses the Net.
1:21 of 3rd period - Shot by Aleksander Barkov.
1:21 of 3rd period - Shot Misses the Net.
1:52 of 3rd period - Shot by Nikita Kucherov.
1:52 of 3rd period - Stopped by Igor Shesterkin with a rebound.
1:54 of 3rd period - Shot by Aleksander Barkov.
1:54 of 3rd period - Stopped by Igor Shesterkin without a rebound.
1:55 of 3rd period - Matthew Tkachuk wins face-off versus Joe Pavelski in Islanders zone.
2:26 of 3rd period - Shot by Alex Ovechkin.
2:26 of 3rd period - Stopped by Igor Shesterkin without a rebound.
2:27 of 3rd period - Jean-Gabriel Pageau wins face-off versus Colton Sceviour in Islanders zone.
2:30 of 3rd period - Shot by Pierre-Luc Dubois.
2:30 of 3rd period - Shot Misses the Net.
2:35 of 3rd period - Richard Panik is hit by Zdeno Chara and loses puck.
2:44 of 3rd period - Shot by Colton Sceviour.
2:44 of 3rd period - Shot Misses the Net.
2:46 of 3rd period - Shot by Richard Panik.
2:46 of 3rd period - Shot Misses the Net.
2:52 of 3rd period - Shot by Richard Panik.
2:52 of 3rd period - Shot Misses the Net.
3:21 of 3rd period - Anthony Cirelli is hit by Charlie McAvoy and loses puck.
3:26 of 3rd period - Shot by Anthony Cirelli.
3:26 of 3rd period - Shot Misses the Net.
3:28 of 3rd period - Shot by Anthony Cirelli.
3:28 of 3rd period - Shot Blocked by Charlie McAvoy.
3:30 of 3rd period - Shot by Anthony DeAngelo.
3:30 of 3rd period - Stopped by Corey Crawford without a rebound.
3:31 of 3rd period - Aleksander Barkov wins face-off versus Joe Pavelski in Panthers zone.
3:38 of 3rd period - Aleksander Barkov is hit by Neal Pionk and loses puck.
3:43 of 3rd period - Shot by Nikita Kucherov.
3:43 of 3rd period - Shot Misses the Net.
3:45 of 3rd period - Shot by Samuel Girard.
3:45 of 3rd period - Goal by Samuel Girard - Panthers : 2 - Islanders : 1.
3:46 of 3rd period - Anthony Cirelli wins face-off versus Dylan Larkin in neutral zone.
3:55 of 3rd period - Shot by Elias Pettersson.
3:55 of 3rd period - Shot Blocked by Jeff Petry.
3:57 of 3rd period - Shot by Timo Meier.
3:57 of 3rd period - Shot Misses the Net.
3:59 of 3rd period - Shot by Anthony Cirelli.
3:59 of 3rd period - Stopped by Corey Crawford without a rebound.
4:00 of 3rd period - Joe Pavelski wins face-off versus Aleksander Barkov in Panthers zone.
4:11 of 3rd period - Shot by Joe Pavelski.
4:11 of 3rd period - Stopped by Corey Crawford with a rebound.
4:33 of 3rd period - Shot by Nikita Kucherov.
4:33 of 3rd period - Deflect By Aleksander Barkov.
4:33 of 3rd period - Stopped by Igor Shesterkin without a rebound.
4:34 of 3rd period - Anthony Cirelli wins face-off versus Dylan Larkin in Islanders zone.
4:49 of 3rd period - Shot by Alex Ovechkin.
4:49 of 3rd period - Shot Misses the Net.
5:03 of 3rd period - Quinn Hughes is hit by Timo Meier.
5:08 of 3rd period - Alex Ovechkin is hit by Ben Chiarot and loses puck.
5:12 of 3rd period - Alex Ovechkin is hit by Ben Chiarot and loses puck.
6:35 of 3rd period - Shot by Aleksander Barkov.
6:35 of 3rd period - Stopped by Igor Shesterkin without a rebound.
6:36 of 3rd period - Derek Grant wins face-off versus Richard Panik in Islanders zone.
6:36 of 3rd period - Derek Grant is hit by Nick Holden.
6:39 of 3rd period - Andrew Copp is hit by Nick Holden and loses puck.
7:02 of 3rd period - Shot by Andrew Copp.
7:02 of 3rd period - Shot Blocked by Dennis Cholowski.
7:05 of 3rd period - Minor Penalty to Nick Holden for Interference.
7:06 of 3rd period - Dylan Larkin wins face-off versus Colton Sceviour in Islanders zone.
7:15 of 3rd period - Shot by Nikita Kucherov.
7:15 of 3rd period - Deflect By Dylan Larkin.
7:15 of 3rd period - Stopped by Igor Shesterkin without a rebound.
7:16 of 3rd period - Aleksander Barkov wins face-off versus Colton Sceviour in Islanders zone.
7:41 of 3rd period - Shot by Jonathan Huberdeau.
7:41 of 3rd period - Goal by Jonathan Huberdeau - Panthers : 3 - Islanders : 1.
7:42 of 3rd period - Jean-Gabriel Pageau wins face-off versus Elias Pettersson in neutral zone.
7:58 of 3rd period - Shot by Elias Pettersson.
7:58 of 3rd period - Stopped by Corey Crawford with a rebound.
8:18 of 3rd period - Shot by Oskar Sundqvist.
8:18 of 3rd period - Stopped by Igor Shesterkin without a rebound.
8:19 of 3rd period - Anthony Cirelli wins face-off versus Dylan Larkin in Islanders zone.
8:28 of 3rd period - Shot by Timo Meier.
8:28 of 3rd period - Stopped by Corey Crawford without a rebound.
8:29 of 3rd period - Aleksander Barkov wins face-off versus Anthony Cirelli in Panthers zone.
8:48 of 3rd period - Shot by Nikita Kucherov.
8:48 of 3rd period - Shot Misses the Net.
8:50 of 3rd period - Shot by Samuel Girard.
8:50 of 3rd period - Shot Misses the Net.
8:52 of 3rd period - Shot by Nikita Kucherov.
8:52 of 3rd period - Shot Misses the Net.
8:54 of 3rd period - Shot by Colton Parayko.
8:54 of 3rd period - Stopped by Igor Shesterkin with a rebound.
9:10 of 3rd period - Shot by Nikita Kucherov.
9:10 of 3rd period - Shot Blocked by Timo Meier.
9:33 of 3rd period - Shot by Alex Ovechkin.
9:33 of 3rd period - Shot Misses the Net.
9:47 of 3rd period - Shot by Matthew Tkachuk.
9:47 of 3rd period - Shot Misses the Net.
9:49 of 3rd period - Shot by Alex Ovechkin.
9:49 of 3rd period - Shot Misses the Net.
9:51 of 3rd period - Shot by Alex Ovechkin.
9:51 of 3rd period - Stopped by Igor Shesterkin without a rebound.
9:52 of 3rd period - Joe Pavelski wins face-off versus Jean-Gabriel Pageau in Islanders zone.
9:59 of 3rd period - Icing by Charlie McAvoy.
10:00 of 3rd period - Jean-Gabriel Pageau wins face-off versus Nikita Gusev in Panthers zone.
10:14 of 3rd period - Andrei Svechnikov is hit by Charlie McAvoy and loses puck.
10:31 of 3rd period - Shot by Joe Pavelski.
10:31 of 3rd period - Stopped by Corey Crawford without a rebound.
10:32 of 3rd period - Dylan Larkin wins face-off versus Colton Sceviour in Panthers zone.
11:00 of 3rd period - Shot by Colton Sceviour.
11:00 of 3rd period - Stopped by Corey Crawford without a rebound.
11:01 of 3rd period - Aleksander Barkov wins face-off versus Anthony Cirelli in Panthers zone.
11:15 of 3rd period - Icing by Ben Chiarot.
11:16 of 3rd period - Jean-Gabriel Pageau wins face-off versus Anthony Cirelli in Islanders zone.
11:36 of 3rd period - Icing by Charlie McAvoy.
11:37 of 3rd period - Colton Sceviour wins face-off versus Jean-Gabriel Pageau in Panthers zone.
12:29 of 3rd period - Aleksander Barkov is hit by Andrei Svechnikov and loses puck.
12:49 of 3rd period - Icing by Nikita Kucherov.
12:50 of 3rd period - Aleksander Barkov wins face-off versus Anthony Cirelli in Panthers zone.
12:50 of 3rd period - Aleksander Barkov is hit by Anthony Cirelli.
13:24 of 3rd period - Icing by Timo Meier.
13:25 of 3rd period - Dylan Larkin wins face-off versus Anthony Cirelli in Islanders zone.
13:39 of 3rd period - Icing by Anthony Cirelli.
13:40 of 3rd period - Anthony Cirelli wins face-off versus Jean-Gabriel Pageau in Islanders zone.
14:02 of 3rd period - Shot by Andrei Svechnikov.
14:02 of 3rd period - Stopped by Corey Crawford without a rebound.
14:03 of 3rd period - Dylan Larkin wins face-off versus Colton Sceviour in Panthers zone.
14:14 of 3rd period - Shot by Dylan Larkin.
14:14 of 3rd period - Shot Misses the Net.
14:26 of 3rd period - Shot by Jordan Greenway.
14:26 of 3rd period - Stopped by Corey Crawford without a rebound.
14:27 of 3rd period - Aleksander Barkov wins face-off versus Joe Pavelski in Panthers zone.
14:54 of 3rd period - Shot by Joe Pavelski.
14:54 of 3rd period - Stopped by Corey Crawford without a rebound.
14:55 of 3rd period - Dylan Larkin wins face-off versus Anthony Cirelli in Panthers zone.
15:04 of 3rd period - Shot by Timo Meier.
15:04 of 3rd period - Stopped by Corey Crawford without a rebound.
15:05 of 3rd period - Jean-Gabriel Pageau wins face-off versus Colton Sceviour in Panthers zone.
15:09 of 3rd period - Minor Penalty to Jordan Greenway for Hooking.
15:10 of 3rd period - Colton Sceviour wins face-off versus Dylan Larkin in Islanders zone.
15:21 of 3rd period - Shot by Dylan Larkin.
15:21 of 3rd period - Stopped by Igor Shesterkin with a rebound.
15:23 of 3rd period - Shot by Dylan Larkin.
15:23 of 3rd period - Stopped by Igor Shesterkin with a rebound.
15:25 of 3rd period - Shot by Dylan Larkin.
15:25 of 3rd period - Deflect By Alex Ovechkin.
15:25 of 3rd period - Stopped by Igor Shesterkin without a rebound.
15:26 of 3rd period - Aleksander Barkov wins face-off versus Colton Sceviour in Islanders zone.
15:29 of 3rd period - Shot by Matthew Tkachuk.
15:29 of 3rd period - Stopped by Igor Shesterkin without a rebound.
15:30 of 3rd period - Dylan Larkin wins face-off versus Sam Steel in Islanders zone.
16:27 of 3rd period - Shot by Jonathan Huberdeau.
16:27 of 3rd period - Shot Blocked by Tyler Myers.
16:36 of 3rd period - Matthew Tkachuk is hit by Neal Pionk and loses puck.
16:59 of 3rd period - Shot by Matthew Tkachuk.
16:59 of 3rd period - Shot Misses the Net.
17:01 of 3rd period - Shot by Matthew Tkachuk.
17:01 of 3rd period - Deflect By Aleksander Barkov.
17:01 of 3rd period - Goal by Aleksander Barkov - Panthers : 4 - Islanders : 1.
17:02 of 3rd period - Jean-Gabriel Pageau wins face-off versus Elias Pettersson in neutral zone.
17:02 of 3rd period - Oskar Sundqvist is hit by Elias Pettersson and loses puck.
17:09 of 3rd period - Shot by Joe Pavelski.
17:09 of 3rd period - Stopped by Corey Crawford with a rebound.
17:19 of 3rd period - Shot by Elias Pettersson.
17:19 of 3rd period - Shot Misses the Net.
19:14 of 3rd period - Icing by Samuel Girard.
19:15 of 3rd period - Dylan Larkin wins face-off versus Elias Pettersson in Panthers zone.
19:32 of 3rd period - Shot by Alex Ovechkin.
19:32 of 3rd period - Stopped by Igor Shesterkin without a rebound.
19:33 of 3rd period - Anthony Cirelli wins face-off versus Aleksander Barkov in Islanders zone.
Goals for this period are 3 for Panthers vs 0 for Islanders.
Shots for this period are 18 for Panthers vs 15 for Islanders.